 Dungeon Crawl Stone Soup version 0.24-a0-520-g8fd06ad0bc (webtiles) character file.

Game seed: 4023805656496748728

4316 CoolPlay the Carver (level 10, 90/90 HPs)
             Began as a Minotaur Fighter on July 26, 2019.
             Was a Believer of Nemelex Xobeh.
             Quit the game on level 1 of the Lair of Beasts.
             The game lasted 00:16:39 (6139 turns).

CoolPlay the Carver (Minotaur Fighter)              Turns: 6139, Time: 00:16:39

Health: 90/90      AC: 10    Str: 24    XL:     10   Next: 11%
Magic:  14/14      EV: 11    Int:  5    God:    Nemelex Xobeh [**....]
Gold:   122        SH:  9    Dex: 13    Spells: 9/9 levels left

rFire    . . .     SeeInvis +   u - +7 falchion of Ischogh {freeze, *Corrode +Rage rC+ Dex+3 SInv}
rCold    + . .     Gourm    .   M - -3 shield "Vyxa" {Slay+5}
rNeg     . . .     Faith    .   b - +2 scale mail
rPois    .         Spirit   .   (helmet restricted)
rElec    +         Reflect  .   N - +0 cloak
rCorr    .         Harm     .   (no gloves)
MR       .....                  (no boots)
Stlth    ..........             D - amulet of rage
HPRegen  0.25/turn              o - +3 ring of evasion
MPRegen  0.14/turn              d - ring of Nunlic {Wiz rElec}

@: very slow
A: retaliatory headbutt, horns 2
a: Draw Escape, Draw Destruction, Draw Summoning, Renounce Religion, Evoke
Berserk Rage


You were on level 1 of the Lair of Beasts.
You worshipped Nemelex Xobeh.
Nemelex Xobeh was pleased with you.
You were not hungry.

You visited 2 branches of the dungeon, and saw 10 of its levels.

You collected 386 gold pieces.
You spent 264 gold pieces at shops.

Inventory:

Hand Weapons
 a - a +0 rapier
 h - a +2 short sword of speed
 i - a +2 falchion of electrocution
 l - a +2 dagger of holy wrath
 u - the +7 falchion of Ischogh (weapon) {freeze, *Corrode +Rage rC+ Dex+3 SInv}
   (You found it on level 4 of the Dungeon)

   It has been specially enchanted to freeze those struck by it, causing extra
   injury to most foes and up to half again as much damage against particularly
   susceptible opponents.
   It can also slow down cold-blooded creatures.
   It affects your dexterity (+3).
   It protects you from cold.
   It lets you see invisible.
   It lets you go berserk.
   It may corrode you when you take damage.
 y - a +2 dagger of flaming
 B - a +2 dagger of venom
 C - a +3 flail of protection
 G - the +4 halberd "Weris" {chop, +Blink rN+ MR+ Stlth+, unknown}
   (You found it on level 8 of the Dungeon)

   It inflicts extra damage upon your enemies.
   It protects you from negative energy.
   It affects your resistance to hostile enchantments.
   It lets you blink.
   It makes you more stealthy.
 I - a +1 hand axe of electrocution
Missiles
 k - 100 sling bullets
 L - 8 curare-tipped darts (quivered)
Armour
 b - a +2 scale mail (worn)
 c - a +0 shield
 g - a +2 leather armour of cold resistance
 r - a +1 leather armour of fire resistance
 M - the -3 shield "Vyxa" (worn) {Slay+5}
   (You bought it in a shop on level 9 of the Dungeon)

   It affects your accuracy and damage with ranged weapons and melee attacks
   (+5).
 N - a +0 cloak (worn)
 P - a +1 plate armour of poison resistance
Jewellery
 d - the ring of Nunlic (right hand) {Wiz rElec}
   (You found it on level 4 of the Dungeon)

   [ring of wizardry]

   It improves your spell success rate.
   It insulates you from electricity.
 o - a +3 ring of evasion (left hand)
 D - an amulet of rage (around neck)
 E - an uncursed ring of flight
Wands
 t - a wand of flame (17)
 x - a wand of disintegration (9)
 O - a wand of iceblast (7)
Scrolls
 e - 3 scrolls of immolation
 j - 2 scrolls of teleportation
 m - 4 scrolls of amnesia
 p - 7 scrolls of remove curse
 H - 2 scrolls of identify
 J - a scroll of fear
Potions
 n - a potion of heal wounds {unknown}
 q - a potion of magic
 s - a potion of lignification {unknown}
 v - a potion of flight {unknown}
 w - 2 potions of curing
 z - a potion of mutation {unknown}
 A - a potion of brilliance
 K - a potion of invisibility {unknown}
Comestibles
 f - 24 rations
 F - 19 chunks of flesh


   Skills:
 + Level 8.4 Fighting
 - Level 3.9(6.8) Short Blades
 * Level 9.4(9.8) Long Blades
 - Level 3.7 Armour
 + Level 8.5 Shields
 * Level 7.9 Invocations


You had 9 spell levels left.
You didn't know any spells.
Your spell library contained the following spells:

 Spells                   Type           Power        Failure   Level  Hunger
 Summon Butterflies       Summ           #.......     71%         1    ##.....
 Call Canine Familiar     Summ           #.......     96%         3    ####...
 Gell's Gravitas          Tloc           #.........   96%         3    ####...
 Portal Projectile        Hex/Tloc       #.....       96%         3    ####...
 Force Lance              Conj/Tloc      #.......     100%        4    #####..
 Summon Ice Beast         Ice/Summ       #.......     100%        4    #####..
 Summon Mana Viper        Hex/Summ       #.......     100%        5    ######.
 Dispersal                Tloc           #.........   100%        6    #######
 Summon Hydra             Summ           #.........   100%        7    #######
 Controlled Blink         Tloc           N/A          100%        8    #######
 Disjunction              Tloc           #.........   100%        8    #######


Dungeon Overview and Level Annotations

Branches:
Dungeon (9/15)             Temple (0/1) D:4            Lair (1/6) D:9
    Orc: D:9-12

Altars:
Fedhas
Nemelex Xobeh
Okawaru
Qazlal
Ru
Sif Muna
Uskayaw
Vehumet
Xom
Yredelemnul
The Shining One

Shops:
D:9 [


Innate Abilities, Weirdness & Mutations

You reflexively headbutt those who attack you in melee.
You have a pair of horns on your head.


Message History

The electrical discharge engulfs the plant!
You hear mighty peals of thunder!
You hear a bellow!
You hear an angry hiss. x2
You draw a card...
You have drawn the Orb.
Aim: a -1 long sword "Fowab" {slice, *Corrode MP+9 Str+2 Int+5} (moderately damaged, summoned)
The orb of destruction hits the -1 long sword "Fowab" {slice, *Corrode MP+9 Str+2 Int+5}!!!
You blow up the -1 long sword "Fowab" {slice, *Corrode MP+9 Str+2 Int+5}!
You draw a card...
You have drawn Pain.
You draw a card...
You have drawn the Orb.
Your orb of destruction hits a rock wall.
Your orb of destruction hits a rock wall. x4
You enter the shallow water.
Moving in this stuff is going to be slow.
A hippogriff comes into view.
The hippogriff screeches!
You hear a bellow!
A porcupine comes into view.
You hear a bellow!

###.r# ...H...
.....°.
#####.......
###.≈.≈≈...#..
##P≈.≈≈≈≈≈≈..$#
#..≈≈≈≈≈≈≈≈≈...
#≈≈≈≈@≈≈≈≈≈...
#.≈≈≈≈.≈≈≈≈≈#
#≈≈≈≈.<.≈≈≈≈#
.^..≈≈≈≈.≈≈≈≈..#
....≈≈≈≈≈≈≈≈≈≈..
....≈≈≈≈≈≈≈≈≈...
###P≈≈≈≈≈≈≈.≈...
###..≈≈.....P#
######°#P###


You could see a hippogriff and a porcupine (wandering).

Vanquished Creatures
  A troll (D:9)
  A hippogriff (D:6)
  A wyvern (D:9)
  A vampire (D:9)
  A soldier ant (D:9)
  A water moccasin (D:6)
  2 porcupines (D:9)
  3 orc warriors
  An ice beast (D:6)
  A sky beast (D:8)
  A black bear (D:9)
  A phantom (D:8)
  5 ogres
  A centaur (D:9)
  A crocodile (D:8)
  3 big kobolds
  2 bullfrogs
  A water moccasin zombie (D:7)
  5 scorpions
  2 howler monkeys
  A bullfrog zombie (D:7)
  A crimson imp (D:7)
  A centaur zombie (D:8)
  3 orc priests
  2 hounds (D:7)
  3 jellies (D:8)
  6 orc wizards
  7 worker ants
  A worker ant zombie (D:7)
  9 adders
  2 shadow imps (D:7)
  5 oozes (D:8)
  An adder zombie (D:7)
  6 worms
  A dart slug (D:2)
  2 leopard geckos (D:8)
  33 orcs
  5 giant cockroaches
  8 goblins
  9 hobgoblins
  4 jackals (D:2)
  3 quokkas
  A ball python (D:3)
  13 bats
  3 frilled lizards
  23 kobolds
  A leopard gecko zombie (D:6)
  A quokka skeleton (D:9)
  6 rats
196 creatures vanquished.

Vanquished Creatures (collateral kills)
  A troll (D:9)
  A hornet (D:8)
  Grinder (D:6)
  A hippogriff (D:8)
  An orc warrior (D:8)
  An orc priest (D:6)
  2 bullfrog zombies (D:8)
  An orc wizard (D:8)
  2 orcs (D:8)
  4 kobolds (D:8)
  A quokka zombie (D:8)
16 creatures vanquished.

Vanquished Creatures (others)
  A leopard gecko (D:6)
  A fungus (D:9)
  A plant (D:9)
3 creatures vanquished.

Grand Total: 215 creatures vanquished

Notes
Turn   | Place    | Note
-------+----------+-------------------------------------------
     0 | D:1      | CoolPlay the Minotaur Fighter began the quest for the Orb.
     0 | D:1      | Reached XP level 1. HP: 19/19 MP: 0/0
   113 | D:1      | Reached XP level 2. HP: 27/27 MP: 1/1
   735 | D:2      | Reached XP level 3. HP: 33/33 MP: 2/2
  1034 | D:2      | Reached XP level 4. HP: 37/41 MP: 3/3
  1259 | D:2      | Found an iron altar of Okawaru.
  1288 | D:2      | Found a shimmering altar of Xom.
  1289 | D:2      | Found a sparkling altar of Nemelex Xobeh.
  1289 | D:2      | Found a sacrificial altar of Ru.
  1289 | D:2      | Found a blossoming altar of Fedhas.
  1289 | D:2      | Found a glowing golden altar of the Shining One.
  1290 | D:2      | Found a basalt altar of Yredelemnul.
  1291 | D:2      | Found a deep blue altar of Sif Muna.
  1294 | D:2      | Found a stormy altar of Qazlal.
  1301 | D:2      | Became a worshipper of Nemelex Xobeh the Trickster
  1419 | D:2      | Found a radiant altar of Vehumet.
  1439 | D:2      | Received a gift from Nemelex Xobeh
  1717 | D:3      | Reached skill level 5 in Fighting
  1717 | D:3      | Reached skill level 5 in Shields
  1717 | D:3      | Reached XP level 5. HP: 41/48 MP: 4/4
  2369 | D:4      | Reached skill level 1 in Long Blades
  2369 | D:4      | Reached skill level 1 in Invocations
  2720 | D:4      | You fall into a shaft and drop 3 floors!
  2745 | D:7      | Reached XP level 6. HP: 50/56 MP: 5/5
  2745 | D:7      | Noticed a hippogriff
  2749 | D:7      | Noticed a water moccasin
  2757 | D:6      | Noticed Grinder
  2759 | D:6      | Noticed an ice devil
  2770 | D:6      | Killed Grinder
  2770 | D:6      | Reached skill level 2 in Long Blades
  2777 | D:6      | Reached * piety under Nemelex Xobeh
  2789 | D:5      | Entered Level 5 of the Dungeon
  2789 | D:5      | Noticed an orc warrior
  2834 | D:6      | Noticed an orc warrior
  2839 | D:6      | Killed an orc warrior
  2842 | D:6      | Reached skill level 3 in Long Blades
  2846 | D:6      | Reached XP level 7. HP: 51/62 MP: 6/8
  2985 | D:5      | Reached skill level 4 in Long Blades
  3339 | D:5      | Received a gift from Nemelex Xobeh
  3643 | D:4      | Got an ancient lapis lazuli ring
  3685 | D:4      | Found a staircase to the Ecumenical Temple.
  3722 | D:4      | Got a transparent falchion
  3904 | D:4      | Reached skill level 5 in Long Blades
  3904 | D:4      | Reached XP level 8. HP: 35/71 MP: 10/10
  3905 | D:4      | Identified the ring of Nunlic {Wiz rElec} (You found it on
                  | level 4 of the Dungeon)
  4233 | D:6      | Reached ** piety under Nemelex Xobeh
  4299 | D:6      | Received a gift from Nemelex Xobeh
  4476 | D:6      | Killed a hippogriff
  4476 | D:6      | Reached skill level 5 in Invocations
  4476 | D:6      | Reached skill level 6 in Long Blades
  5044 | D:8      | Identified the +7 falchion of Ischogh {freeze, *Corrode
                  | +Rage rC+ Dex+3 SInv} (You found it on level 4 of the
                  | Dungeon)
  5091 | D:8      | Reached skill level 7 in Long Blades
  5091 | D:8      | Reached XP level 9. HP: 79/79 MP: 12/12
  5104 | D:8      | Got a smoking halberd
  5142 | D:8      | Received a gift from Nemelex Xobeh
  5481 | D:7      | Reached skill level 8 in Long Blades
  5786 | D:9      | Noticed a troll
  5786 | D:9      | Noticed a troll
  5791 | D:9      | Killed a troll
  5794 | D:9      | Killed a troll
  5933 | D:9      | Found a hide-covered altar of Uskayaw.
  5961 | D:9      | Found Qoutifao's Armour Boutique.
  5994 | D:9      | Bought the -3 shield "Vyxa" {Slay+5} for 210 gold pieces
  5994 | D:9      | Bought a +0 cloak for 54 gold pieces
  6014 | D:9      | Reached skill level 9 in Long Blades
  6039 | D:9      | Noticed a troll
  6043 | D:9      | a troll changed into a soldier ant
  6056 | D:9      | Reached XP level 10. HP: 83/89 MP: 14/14
  6120 | D:9      | Found a staircase to the Lair.
  6126 | Lair:1   | Entered Level 1 of the Lair of Beasts
  6127 | Lair:1   | Identified the -1 long sword "Fowab" {slice, *Corrode MP+9
                  | Str+2 Int+5}
  6139 | Lair:1   | Quit the game

Levels and vault maps discovered:
D:1:      minmay_arrival_glassed_features, layout_loops_ring,
          hangedman_decor_push
D:2:      layout_loops_ring, minitemple, nicolae_overflow_hidden_temple
D:3:      layout_basic, chequers_serial_rivers_micro_c
D:4:      layout_gridville, minmay_temple_entry_slanted, first_ration
D:5:      layout_gridville, serial_bayou_ford_a
D:6:      layout_rooms, uniq_grinder
D:7:      layout_rooms
D:8:      layout_rooms, hangedman_little_slice_of_home
D:9:      layout_rooms, eat_drink_and_be_merry_uskayaw,
          grunt_lair_entry_orc_guard_hut, serial_shops, nicolae_shop_stone,
          dk_yredelemnul_ordeal, uniq_prince_ribbit1
Lair:1:   layout_misc_corridors, nicolae_volcano_entry_hallway,
          lemuel_fruit_fields, infiniplex_staircase_pool_2

Skill      XL: |  1  2  3  4  5  6  7  8  9 |
---------------+----------------------------+-----
Shields        | 4 5 6 7 8 |  8.5
Fighting       | 4 5 6 7 8 |  8.4
Short Blades   | 3 |  3.9
Long Blades    | 1 3 5 7 9 |  9.4
Invocations    | 1 2 4 5 7 |  7.9
Armour         | |  3.7

Action                   |  1- 3 |  4- 6 |  7- 9 | 10-12 || total
-------------------------+-------+-------+-------+-------++-------
Melee: Rapier            |    95 |    97 |       |       ||   192
       Headbutt          |    14 |    24 |    62 |     2 ||   102
       Falchion          |       |    45 |   242 |     9 ||   296
 Abil: Draw Destruction  |       |     3 |     6 |     5 ||    14
       Draw Summoning    |       |     2 |     5 |     1 ||     8
Evoke: Wand              |       |       |     4 |       ||     4
  Use: Scroll            |     1 |    12 |     5 |       ||    18
       Potion            |       |     3 |     7 |       ||    10
 Stab: Petrified         |       |       |     1 |       ||     1
  Eat: Chunk             |       |     6 |    11 |       ||    17
Armor: Scale mail        |    36 |    47 |    55 |     1 ||   139
Dodge: Dodged            |    30 |    46 |    91 |     1 ||   168
Block: Shield            |    40 |    78 |   117 |     4 ||   239
       Rpst.: Falchion   |       |    10 |    17 |       ||    27

Table legend:
 A = Non-vault XP
 B = Vault XP
 C = Vault XP percentage of total XP
 D = Non-vault monster count
 E = Vault monster count
 F = Vault count percentage of total count
                 A         B        C        D         E       F
            +---------+---------+-------+---------+---------+-------
      Total |    5261 |     906 |  14.7 |     199 |      14 |   6.6
            +---------+---------+-------+---------+---------+-------
        D:1 |      42 |       0 |   0.0 |      20 |       0 |   0.0
        D:2 |     110 |       0 |   0.0 |      33 |       0 |   0.0
        D:3 |     110 |       0 |   0.0 |      17 |       0 |   0.0
        D:4 |     220 |       0 |   0.0 |       5 |       0 |   0.0
        D:5 |     416 |       0 |   0.0 |       9 |       0 |   0.0
        D:6 |    1128 |     131 |  10.4 |      24 |       1 |   4.0
        D:7 |     549 |       0 |   0.0 |      21 |       0 |   0.0
        D:8 |    1509 |     158 |   9.5 |      49 |       8 |  14.0
        D:9 |    1177 |     617 |  34.4 |      21 |       5 |  19.2
            +---------+---------+-------+---------+---------+-------
